 Dungeon Crawl Stone Soup version 0.24.1-4-ge52af88ad5 (console) character file.

Game seed: 4425686153504354579, levelgen mode: deterministic

11154 Kloppie the Carver (level 12, -39/124 (126) HPs)
             Began as a Halfling Berserker on Apr 16, 2020.
             Was a High Priest of Trog.
             Killed from afar by a fire giant (54 damage)
             ... with a fireball
             ... on level 11 of the Dungeon.
             The game lasted 00:21:28 (10302 turns).

Kloppie the Carver (Halfling Berserker)            Turns: 10302, Time: 00:21:28

HP:   -39/124 (126) AC: 15    Str: 27    XL:     12   Next: 4%
MP:   12/12         EV: 12    Int:  5    God:    Trog [*****.]
Gold: 418           SH:  6    Dex: 15    Spells: 11/11 levels left

rFire    . . .     SeeInvis .   a - +3 scimitar (freeze)
rCold    . . .     Gourm    .   u - +0 buckler
rNeg     + . .     Faith    .   I - +0 chain mail (curse)
rPois    +         Spirit   .   o - +0 helmet
rElec    .         Reflect  .   B - +0 cloak
rCorr    .         Harm     .   (no gloves)
MR       ++...                  y - +0 pair of boots
Stlth    ..........             (no amulet)
HPRegen  1.30/turn              M - ring of poison resistance
MPRegen  0.13/turn              H - ring of positive energy

@: berserking, regenerating, very quick
A: small, mutation resistance 1
a: Berserk, Trog's Hand, Brothers in Arms, Renounce Religion


You were on level 11 of the Dungeon.
You worshipped Trog.
Trog was extremely pleased with you.
You were near starving.

You visited 1 branch of the dungeon, and saw 11 of its levels.
You also visited: Sewer.

You collected 632 gold pieces.
You spent 214 gold pieces at shops.

Inventory:

Hand Weapons
 a - a +3 scimitar of freezing (weapon)
 K - a +3 scimitar
Armour
 o - a +0 helmet (worn)
 t - the +0 robe of Exclusion {rPois Regen+ Int-3}
   (You found it on level 4 of the Dungeon)

   It affects your intelligence (-3).
   It protects you from poison.
   It increases your rate of regeneration.
 u - a +0 buckler (worn)
 y - a +0 pair of boots (worn)
 B - a +0 cloak (worn)
 I - a cursed +0 chain mail (worn)
 J - a +0 plate armour
Jewellery
 p - an uncursed ring of see invisible
 H - a ring of positive energy (right hand)
 M - a ring of poison resistance (left hand)
Wands
 l - a wand of paralysis (10)
 N - a wand of acid (5)
Scrolls
 e - 7 scrolls of remove curse
 g - 7 scrolls of teleportation
 j - 3 scrolls of blinking
 k - 6 scrolls of magic mapping
 m - a scroll of silence {unknown}
 r - a scroll of vulnerability {unknown}
 v - a scroll of amnesia {unknown}
 x - a scroll of fog {unknown}
 A - 2 scrolls of enchant armour {unknown}
 D - 2 scrolls of fear
 E - a scroll of enchant weapon {unknown}
 G - a scroll of immolation
 L - 4 scrolls of identify
Potions
 b - a potion of degeneration {unknown}
 d - 2 potions of might {unknown}
 f - a potion of haste
 h - 3 potions of heal wounds
 i - 3 potions of agility
 n - a potion of mutation {unknown}
 q - 3 potions of curing
 s - 2 potions of flight {unknown}
 w - 2 potions of lignification {unknown}
 z - 2 potions of cancellation
 C - a potion of magic {unknown}
Comestibles
 c - 15 rations
 F - 5 chunks of flesh


   Skills:
 - Level 8.5 Fighting
 + Level 13.0 Long Blades
 + Level 8.8 Armour
 - Level 2.1 Dodging
 - Level 5.6 Shields


You had 11 spell levels left.
You didn't know any spells.
Your spell library was empty.

Dungeon Overview and Level Annotations

Branches:
Dungeon (11/15)            Temple (0/1) D:4           Sewer (visited)
   Lair: D:8-11         Orc: D:9-12

Altars:
Ashenzari
Cheibriados
Dithmenos
Fedhas
Gozag
Nemelex Xobeh
Qazlal
Ru
Sif Muna
Trog
Vehumet
Xom
The Shining One

Shops:
D:6 *


Innate Abilities, Weirdness & Mutations

You are small and have problems with some larger weapons.
You are somewhat resistant to further mutation.


Message History

You slice the frost giant!!
You kill the frost giant!
Trog accepts your kill.
Trog appreciates your killing of a magic user.
Your Long Blades skill increases to level 13!
You have reached level 12!
Your experience leads to an increase in your attributes!
Your base attributes are Str 21, Int 5, Dex 15.
Increase (S)trength, (I)ntelligence, or (D)exterity?
You feel stronger.
You are too berserk!
You slash the fire giant! You freeze the fire giant.
The fire giant is lightly wounded.
You slice the fire giant!! You freeze the fire giant.
The fire giant is heavily wounded.
You slice the fire giant!! You freeze the fire giant!
The fire giant is severely wounded.
The fire giant points at you and mumbles some strange words.
The fireball explodes!
The fireball engulfs you!!!
You die...

+...#......#†....###
#...#......#.......>
#...#......#...#####
....#......+...#
....########...#
...............#
...............#
...............#
...............#
######........#
#.C@.#........#
#.####.#.......# #
###.......#
........# ........#
..<.....# .......
.......


You could see a fire giant.

Vanquished Creatures
  A frost giant (D:11)
  A two-headed ogre (D:8)
  A tengu warrior (D:10)
  The ghost of kandel6 the Destroyer, a novice GrFE of Vehumet (D:8)
  An unseen horror (D:10)
  A freezing wraith (D:10)
  A troll (D:10)
  Prince Ribbit (D:5)
  4 hippogriffs (D:7)
  A human (D:7)
  3 hogs (D:7)
  A steam dragon (D:8)
  A yak (D:7)
  2 hungry ghosts
  A vampire mosquito (D:11)
  A soldier ant (D:11)
  An orc warrior (D:7)
  A phantom (D:5)
  4 ice beasts
  2 sky beasts
  A necrophage (D:9)
  A boggart (D:10)
  4 centaurs
  5 ogres
  A crocodile (Sewer)
  Blork the orc (D:5)
  6 bullfrogs
  A scorpion (D:10)
  6 killer bees (D:9)
  8 wights
  5 howler monkeys
  9 crimson imps
  A centaur zombie (D:9)
  A bullfrog skeleton (D:8)
  7 hounds
  5 orc priests
  3 centaur skeletons
  A jelly (D:7)
  3 iguanas
  Jessica (D:3)
  5 orc wizards
  A worker ant (D:8)
  2 killer bee zombies
  A howler monkey zombie (D:10)
  12 adders
  3 shadow imps
  An ooze (D:5)
  3 adder skeletons
  2 adder zombies
  A worm (D:3)
  A dart slug (D:1)
  6 leopard geckos
  44 orcs
  4 giant cockroaches
  6 goblins
  3 hobgoblins
  2 jackals (Sewer)
  14 kobolds
  5 quokkas
  4 bats
  5 frilled lizards
  A giant cockroach zombie (D:5)
  A jackal skeleton (D:6)
  A leopard gecko zombie (D:5)
  9 rats
237 creatures vanquished.

Vanquished Creatures (others)
  A centaur (D:8)
1 creature vanquished.

Grand Total: 238 creatures vanquished

Notes
Turn   | Place    | Note
-------+----------+-------------------------------------------
     0 | D:1      | Kloppie the Halfling Berserker began the quest for the Orb.
     0 | D:1      | Reached XP level 1. HP: 15/15 MP: 1/1
    58 | D:1      | Reached XP level 2. HP: 11/20 MP: 2/2
   673 | D:1      | Reached XP level 3. HP: 8/26 MP: 3/3
  1455 | D:2      | Reached ** piety under Trog
  1774 | D:2      | Reached XP level 4. HP: 25/31 MP: 4/4
  1994 | D:2      | Reached skill level 4 in Long Blades
  2207 | D:3      | Noticed Jessica
  2209 | D:3      | Found a bloodstained altar of Trog.
  2212 | D:3      | Killed Jessica
  2212 | D:3      | Reached XP level 5. HP: 30/37 MP: 5/5
  2226 | D:3      | Found a glowing drain.
  2258 | Sewer    | Entered a sewer
  2562 | Sewer    | Noticed a crocodile
  2572 | Sewer    | Killed a crocodile
  2572 | Sewer    | Reached XP level 6. HP: 44/44 MP: 6/6
  2821 | D:3      | Reached skill level 5 in Long Blades
  3191 | D:4      | Reached skill level 1 in Shields
  3199 | D:4      | Reached *** piety under Trog
  3365 | D:4      | Found a staircase to the Ecumenical Temple.
  3821 | D:4      | Got a slimy robe
  3822 | D:4      | Identified the +0 robe of Exclusion {rPois Regen+ Int-3}
                  | (You found it on level 4 of the Dungeon)
  3836 | D:5      | Entered Level 5 of the Dungeon
  3983 | D:5      | Noticed Prince Ribbit
  4369 | D:5      | Reached XP level 7. HP: 44/49 MP: 7/7
  4383 | D:5      | Found a shadowy altar of Dithmenos.
  4386 | D:5      | Found a shattered altar of Ashenzari.
  4400 | D:5      | Found a shimmering blue altar of Sif Muna.
  4401 | D:5      | Found a shimmering altar of Xom.
  4404 | D:5      | Found a snail-covered altar of Cheibriados.
  4405 | D:5      | Found a sacrificial altar of Ru.
  4423 | D:5      | Killed Prince Ribbit
  4423 | D:5      | Reached skill level 6 in Long Blades
  4801 | D:5      | Noticed Blork the orc
  4818 | D:5      | Killed Blork the orc
  4818 | D:5      | Reached XP level 8. HP: 46/54 MP: 8/8
  4996 | D:5      | Found a stormy altar of Qazlal.
  4999 | D:5      | Found a sparkling altar of Nemelex Xobeh.
  5002 | D:5      | Found a radiant altar of Vehumet.
  5077 | D:5      | Reached skill level 5 in Shields
  5110 | D:5      | Reached skill level 7 in Long Blades
  6008 | D:6      | Found Hoojeck's General Store.
  6016 | D:6      | Reached skill level 8 in Long Blades
  6035 | D:6      | Bought a potion of agility for 52 gold pieces
  6035 | D:6      | Bought a potion of heal wounds for 65 gold pieces
  6035 | D:6      | Bought a scroll of magic mapping for 45 gold pieces
  6035 | D:6      | Bought a scroll of identify for 26 gold pieces
  6035 | D:6      | Bought a scroll of identify for 26 gold pieces
  6055 | D:6      | Found an opulent altar of Gozag.
  6104 | D:6      | Reached XP level 9. HP: 39/59 MP: 9/9
  6511 | D:6      | Reached **** piety under Trog
  6569 | D:7      | Reached skill level 5 in Armour
  6715 | D:7      | Found a blossoming altar of Fedhas.
  6743 | D:7      | Found Tizoo's General Store.
  6756 | D:7      | Noticed a hippogriff
  6767 | D:7      | Killed a hippogriff
  6767 | D:7      | Reached skill level 9 in Long Blades
  7112 | D:7      | Noticed a hippogriff
  7127 | D:7      | Killed a hippogriff
  7414 | D:7      | Reached skill level 5 in Fighting
  7471 | D:7      | Found a glowing golden altar of the Shining One.
  7525 | D:7      | Noticed a hippogriff
  7535 | D:7      | Killed a hippogriff
  7535 | D:7      | Reached XP level 10. HP: 57/66 MP: 10/10
  7602 | D:7      | Reached skill level 10 in Long Blades
  8333 | D:8      | Found a runed translucent door.
  8333 | D:8      | Noticed kandel6's ghost (novice GrFE)
  8419 | D:8      | Noticed a two-headed ogre
  8475 | D:8      | Killed a two-headed ogre
  8475 | D:8      | Reached skill level 11 in Long Blades
  8675 | D:8      | Reached ***** piety under Trog
  8927 | D:8      | Killed kandel6's ghost
  8927 | D:8      | Reached XP level 11. HP: 71/77 MP: 11/11
  9512 | D:10     | Entered Level 10 of the Dungeon
  9523 | D:9      | Reached skill level 12 in Long Blades
  9547 | D:9      | Received a gift from Trog
  9635 | D:10     | Noticed an unseen horror
  9638 | D:10     | Killed an unseen horror
  9691 | D:10     | Noticed a tengu warrior
  9771 | D:10     | Killed a tengu warrior
 10287 | D:11     | Noticed a frost giant
 10289 | D:11     | Noticed a fire giant
 10299 | D:11     | Killed a frost giant
 10299 | D:11     | Reached skill level 13 in Long Blades
 10299 | D:11     | Reached XP level 12. HP: 12/83 MP: 12/12
 10302 | D:11     | Killed from afar by a fire giant

Levels and vault maps discovered:
D:1:      beargit_arrival_greenhouse, layout_basic
D:2:      layout_rooms, serial_bayou, serial_bayou_pond_d, serial_bayou_pond_d,
          serial_bayou_pond_c, serial_bayou_ford_a, serial_bayou_pond_c,
          serial_bayou_lagoon_a, fountainhead, interstate_on_off,
          minmay_split_cup_large
D:3:      layout_loops_ring, overflow_temple_1_default,
          cheibrodos_sewer_entry_drain, uniq_jessica
D:4:      layout_basic, minmay_temple_entry_statues
D:5:      layout_cave_pods, minitemple, grunt_temple_overflow_diamond,
          first_ration, minmay_misc_feat_alley, uniq_prince_ribbit1,
          uniq_blork_the_orc
D:6:      layout_loops_ring, serial_shops, shop, grunt_gozag_statues
D:7:      layout_layer_cave, marbit_many_paths, old_standard_altar,
          serial_shops, nicolae_shop_crystal, grunt_livestock
D:8:      layout_rooms, gammafunk_ghost_grave, minmay_orc_keep
D:9:      layout_basic
D:10:     minmay_the_grid_triangle_9x9_recursive_2_mashed
          [minmay_the_grid_triangle_9x9_prize_insulated,
          minmay_the_grid_triangle_9x9_longest,
          minmay_the_grid_triangle_9x9_zippers_vertical,
          minmay_the_grid_triangle_9x9_corruption], layout_rooms
D:11:     minmay_mutant_horseshoe, layout_irregular_city,
          erik_lair_orcish_takeover

Skill      XL: |  1  2  3  4  5  6  7  8  9 10 11 |
---------------+----------------------------------+-----
Fighting       | 3 4 5 8 |  8.5
Long Blades    | 4 5 6 8 9 11 13 | 13.0
Shields        | 2 4 5 |  5.6
Armour         | 3 6 8 |  8.8
Dodging        | |  2.1

Action                   |  1- 3 |  4- 6 |  7- 9 | 10-12 || total
-------------------------+-------+-------+-------+-------++-------
Melee: Falchion          |    83 |   190 |   306 |       ||   579
       Scimitar          |       |       |   115 |   388 ||   503
Invok: Berserk           |       |     2 |     6 |     4 ||    12
       Trog's Hand       |       |     1 |     2 |     6 ||     9
  Use: Scroll            |       |     4 |     1 |     7 ||    12
       Potion            |       |       |     1 |     2 ||     3
  Eat: Chunk             |     1 |     9 |    14 |     9 ||    33
       Ration            |       |     1 |     1 |     4 ||     6
Armor: Animal skin       |     7 |       |       |       ||     7
       Ring mail         |     6 |    40 |    99 |    22 ||   167
       Chain mail        |       |       |       |   136 ||   136
Dodge: Dodged            |    52 |   151 |   201 |   164 ||   568
Block: Buckler           |       |    27 |   105 |   119 ||   251
       Rpst.: Falchion   |    14 |    52 |    33 |       ||    99
       Scimitar          |       |       |    26 |    52 ||    78
